 Dungeon Crawl Stone Soup version 0.30-a0-824-g6c64550be9 (webtiles) character file.

Game seed: 12773819245489066382

263 PLAYERX the Covert (level 6, -3/44 HPs)
             Began as a Gnoll Wanderer on Feb 20, 2023.
             Killed from afar by Dowan (10 damage)
             ... with a stone arrow
             ... on level 3 of the Dungeon on Feb 27, 2023.
             The game lasted 00:21:38 (3737 turns).

PLAYERX the Covert (Gnoll Wanderer)                 Turns: 3737, Time: 00:21:39

Health: -3/44      AC: 14    Str: 17    XL:     6   Next: 19%
Magic:  11/11      EV:  6    Int: 11    God:
Gold:   191        SH:  0    Dex: 20    Spells: 10/11 levels left

rFire   . . .      SeeInvis .    a - +2 falchion
rCold   . . .      Faith    .    (no shield)
rNeg    . . .      Spirit   .    b - +1 plate armour
rPois   .          Reflect  .    (no helmet)
rElec   .          Harm     .    (no cloak)
rCorr   .          Rampage  .    d - +2 pair of gloves
Will    .....                    (no boots) Stlth
                                 (no amulet)
HPRegen 0.27/turn                h - +6 ring of dexterity
MPRegen 0.12/turn                i - +6 ring of strength

@: no status effects
A: fangs 1, strong nose, distributed training
a: no special abilities


You were on level 3 of the Dungeon.
You visited 1 branch of the dungeon, and saw 4 of its levels.

You collected 191 gold pieces.

Inventory:

Hand Weapons
 a - a +2 falchion (weapon)
Armour
 b - a +1 plate armour (worn)
 d - a +2 pair of gloves (worn)
Jewellery
 h - a +6 ring of dexterity (left hand)
 i - a +6 ring of strength (right hand)
Scrolls
 g - 2 scrolls of identify
 k - a scroll of blinking {unknown}
Potions
 e - a potion of heal wounds {unknown}
 f - a potion of might {unknown}
 j - 2 potions of brilliance
 l - a potion of resistance {unknown}
 m - 2 potions of curing {unknown}
 p - a potion of flight {unknown}


   Skills:
 + Level 1.9 Fighting
 + Level 1.9 Short Blades
 + Level 5.0 Long Blades
 + Level 1.9 Axes
 + Level 1.9 Maces & Flails
 + Level 1.9 Polearms
 + Level 1.9 Staves
 + Level 1.9 Ranged Weapons
 + Level 1.9 Throwing
 + Level 1.9 Armour
 + Level 3.2 Dodging
 + Level 8.0 Stealth
 + Level 1.9 Shields
 + Level 1.9 Unarmed Combat
 + Level 3.4 Spellcasting
 + Level 1.5 Conjurations
 + Level 4.1 Hexes
 + Level 1.5 Summonings
 + Level 1.5 Necromancy
 + Level 1.5 Translocations
 + Level 1.5 Transmutations
 + Level 1.5 Fire Magic
 + Level 1.5 Ice Magic
 + Level 1.5 Air Magic
 + Level 1.5 Earth Magic
 + Level 1.5 Poison Magic
 + Level 2.1 Invocations
 + Level 1.9 Evocations


You had 10 spell levels left.
You knew the following spells:

 Your Spells              Type           Power      Damage    Failure   Level
a - Slow                  Hex            40%        N/A       95%         1

Your spell library contained the following spells:

 Spells                   Type           Power      Damage    Failure   Level
 Static Discharge         Conj/Air       10%        2-3/arc   100%        2
 Confusing Touch          Hex            10%        N/A       100%        3
 Inner Flame              Hex/Fire       8%         N/A       100%        3
 Vhi's Electric Charge    Tloc/Air       10%        N/A       100%        3
 Arcjolt                  Conj/Air       2%         1d12      100%        5
 Lightning Bolt           Conj/Air       2%         1d14      100%        5


Dungeon Overview and Level Annotations

Branches:
Dungeon (4/15)
 Temple: D:4-7

Altars:
Elyvilon
Hepliaklqana
Qazlal
Xom

Annotations:
D:3 Dowan


Innate Abilities, Weirdness & Mutations

You have very sharp teeth.
Your uncanny sense of smell can sniff out nearby items.
Your experience applies equally to all skills.


Message History

You hit Dowan. Your punch misses Dowan.
Dowan is lightly wounded.
Dowan hits you but does no damage. x2
You miss Dowan.
Dowan is lightly wounded.
Dowan mumbles some strange words.
Dowan blinks!
Dowan mumbles some strange words.
Dowan blinks!
Dowan gestures wildly while chanting.
Dowan blinks!
Dowan hits you with a +0 dagger.
* * * LOW HITPOINT WARNING * * *
You completely miss Dowan.
Dowan is lightly wounded.
Dowan hits you but does no damage. x2
You closely miss Dowan. Your bite misses Dowan.
Dowan is lightly wounded.
Dowan mumbles some strange words.
Dowan blinks!
Dowan mumbles some strange words.
Dowan blinks!
Dowan hits you but does no damage.
Things that are here:
a +0 short sword; a +0 ring mail; the elf corpse of Duvessa Dowan hits you but does no damage.
Dowan hits you but does no damage. x2
There is a stone staircase leading up here.
Magic restored.
Dowan hits you but does no damage. Dowan hits you with a +0 dagger.
* * * LOW HITPOINT WARNING * * *
You climb upwards.
There is a stone staircase leading down here.
You completely miss Dowan.
Dowan is lightly wounded.
Dowan closely misses you.
You slash Dowan!
Dowan is heavily wounded.
Dowan casts a spell at you. The stone arrow hits you!
You die...

.......#.......#.............###.
.......'....._.#.................
...##..#)......##..##.#.#........
...##..##~~≈~~##...##.......##.#.
...###.##########...........##.#.
.........#......#................
########.#.###..#.......#....#.#.
#.#.# #..#...#............ #.#.#
##e@.....≈≈≈≈≈≈≈.≈§§ #.#.#
##.#..##.≈.....≈...§
#.#.###.....##.≈.≈≈§.≈≈≈≈≈
#.#............≈.≈_§§§...≈
#.#####..#.....§.≈.≈.§.§.≈
#............#.≈.≈...≈.≈_≈
#.#####..##..#.≈.§§≈§≈.≈≈≈ #.#
#......#§≈§§§§.≈...§ #.#
#.###.##.≈§§§≈§§≈≈≈§


You could see Dowan (fast).

Vanquished Creatures
  Duvessa (D:4)
  A scorpion (D:4)
  Natasha (D:4)
  An adder (D:2)
  4 dart slugs
  3 orcs
  7 bats
  8 endoplasms
  A giant cockroach (D:4)
  4 goblins
  4 hobgoblins
  3 jackals (D:3)
  9 kobolds
  5 quokkas
  4 ball pythons
  4 frilled lizards
  5 rats
  A spectral kobold (D:3)
66 creatures vanquished.

Vanquished Creatures (others)
  5 plants
5 creatures vanquished.

Grand Total: 71 creatures vanquished

Notes
Turn   | Place    | Note
-------+----------+-------------------------------------------
     0 | D:1      | PLAYERX the Gnoll Wanderer began the quest for the Orb.
     0 | D:1      | PLAYERX set off with the following items: a +0 falchion, a
                  | +0 pair of gloves, a potion of haste, a +0 robe; and the
                  | following spell memorised: Slow; and the following spells
                  | available to memorise: Confusing Touch, Inner Flame.
     0 | D:1      | Reached XP level 1. HP: 13/13 MP: 4/4
   180 | D:1      | Reached XP level 2. HP: 19/19 MP: 5/5
   818 | D:1      | Reached XP level 3. HP: 25/25 MP: 7/7
  1208 | D:1      | Reached skill level 1 in Invocations
  1383 | D:2      | Upgraded the game from 0.30-a0-799-g109b55a442 to
                  | 0.30-a0-800-g7c544603b3
  1462 | D:2      | Reached skill level 1 in Fighting
  1462 | D:2      | Reached skill level 1 in Short Blades
  1462 | D:2      | Reached skill level 1 in Axes
  1462 | D:2      | Reached skill level 1 in Maces & Flails
  1462 | D:2      | Reached skill level 1 in Polearms
  1462 | D:2      | Reached skill level 1 in Staves
  1462 | D:2      | Reached skill level 1 in Ranged Weapons
  1462 | D:2      | Reached skill level 1 in Throwing
  1462 | D:2      | Reached skill level 1 in Armour
  1462 | D:2      | Reached skill level 1 in Shields
  1462 | D:2      | Reached skill level 1 in Unarmed Combat
  1462 | D:2      | Reached skill level 1 in Evocations
  1675 | D:2      | Reached XP level 4. HP: 32/32 MP: 8/8
  2222 | D:3      | Found a shimmering altar of Xom.
  2234 | D:3      | Found a white marble altar of Elyvilon.
  2266 | D:3      | Upgraded the game from 0.30-a0-800-g7c544603b3 to
                  | 0.30-a0-808-g6e0788376e
  2452 | D:3      | Upgraded the game from 0.30-a0-808-g6e0788376e to
                  | 0.30-a0-824-g6c64550be9
  2689 | D:3      | Found a hazy altar of Hepliaklqana.
  3009 | D:4      | Noticed a scorpion
  3014 | D:4      | Killed a scorpion
  3015 | D:4      | Reached skill level 1 in Conjurations
  3015 | D:4      | Reached skill level 1 in Summonings
  3015 | D:4      | Reached skill level 1 in Necromancy
  3015 | D:4      | Reached skill level 1 in Translocations
  3015 | D:4      | Reached skill level 1 in Transmutations
  3015 | D:4      | Reached skill level 1 in Fire Magic
  3015 | D:4      | Reached skill level 1 in Ice Magic
  3015 | D:4      | Reached skill level 1 in Air Magic
  3015 | D:4      | Reached skill level 1 in Earth Magic
  3015 | D:4      | Reached skill level 1 in Poison Magic
  3015 | D:4      | Reached XP level 5. HP: 37/37 MP: 9/9
  3074 | D:4      | Found a stormy altar of Qazlal.
  3231 | D:4      | Noticed Natasha
  3248 | D:4      | Killed Natasha
  3444 | D:4      | Noticed Dowan
  3444 | D:4      | Noticed Duvessa
  3717 | D:4      | Killed Duvessa
  3718 | D:4      | Reached skill level 5 in Long Blades
  3718 | D:4      | Reached skill level 8 in Stealth
  3718 | D:4      | Reached XP level 6. HP: 10/44 MP: 9/11
  3737 | D:3      | Killed from afar by Dowan

Illustrated notes

Levels and vault maps discovered:
D:1:      kilobyte_arrival_exit_the_forest, layout_basic,
          wad_floor_pattern_untrapped, nicolae_figureground_sparkle
D:2:      layout_basic, nicolae_figureground_pulse
D:3:      layout_basic, nicolae_hepliaklqana_monster_ancestors,
          mainiacjoe_overflow_catwalk_spiral
D:4:      corexii_shack_village, layout_cave_pools, lemuel_crystal_altar,
          kennysheep_okawaru_gauntlet, uniq_duvessa, uniq_natasha

Skill      XL: |  1  2  3  4  5 |
---------------+----------------+-----
Invocations    | 1 2 |  2.1
Fighting       | 1 |  1.9
Short Blades   | 1 |  1.9
Axes           | 1 |  1.9
Maces & Flails | 1 |  1.9
Polearms       | 1 |  1.9
Staves         | 1 |  1.9
Ranged Weapons | 1 |  1.9
Throwing       | 1 |  1.9
Armour         | 1 |  1.9
Shields        | 1 |  1.9
Unarmed Combat | 1 |  1.9
Evocations     | 1 |  1.9
Spellcasting   | 3 |  3.4
Conjurations   | 1 |  1.5
Summonings     | 1 |  1.5
Necromancy     | 1 |  1.5
Translocations | 1 |  1.5
Transmutations | 1 |  1.5
Fire Magic     | 1 |  1.5
Ice Magic      | 1 |  1.5
Air Magic      | 1 |  1.5
Earth Magic    | 1 |  1.5
Poison Magic   | 1 |  1.5
Dodging        | 3 |  3.2
Hexes          | 4 |  4.1
Long Blades    | 5 |  5.0
Stealth        | 8 |  8.0

Action                     |  1- 3 |  4- 6 || total
---------------------------+-------+-------++-------
  Melee: Falchion          |   104 |   136 ||   240
         Bite              |    12 |    18 ||    30
         Punch             |       |     3 ||     3
    Use: Scroll            |       |     8 ||     8
         Potion            |       |     1 ||     1
   Stab: Sleeping          |     4 |       ||     4
 Armour: Robe              |     3 |       ||     3
         Chain mail        |    25 |       ||    25
         Leather armour    |     1 |       ||     1
         Plate armour      |    27 |   137 ||   164
  Dodge: Dodged            |    34 |    37 ||    71

Table legend: (Time is in decaauts)
 A = Elapsed time spent in this place.
 B = Non-inter-level travel time spent in this place.
 C = Inter-level travel time spent in this place.
 D = Time resting spent in this place.
 E = Time spent auto-exploring this place.
 F = Levels seen in this place.
 G = Mean time per level.
                   A        B        C        D        E       F      G
               +--------+--------+--------+--------+--------+-----+--------+
         Total |   3737 |   3737 |      0 |    553 |   1955 |   4 |  934.2 |
       Dungeon |   3737 |   3737 |      0 |    553 |   1955 |   4 |  934.2 |
               +--------+--------+--------+--------+--------+-----+--------+

Top non-repeatable levels by time:
     D:1: 1330 daAuts
     D:3: 899 daAuts
     D:2: 867 daAuts
     D:4: 640 daAuts
